 Dungeon Crawl Stone Soup version 0.26.1-11-gd32895ea62 (webtiles) character file.

Game seed: 7746698625902946693

233 Almogavar the Skirmisher (level 6, 0/53 HPs)
             Began as a Gnoll Wanderer on May 6, 2021.
             Was an Initiate of Makhleb.
             Slain by Eustachio
             ... wielding a +0 falchion
              (3 damage)
             ... on level 4 of the Dungeon.
             The game lasted 00:10:12 (3533 turns).

Almogavar the Skirmisher (Gnoll Wanderer)           Turns: 3533, Time: 00:10:12

Health: 0/53       AC:  6    Str: 14      XL:     6   Next: 4%
Magic:  8/8        EV: 14    Int: 17      God:    Makhleb [......]
Gold:   214        SH:  0    Dex: 13 (14) Spells: 8/8 levels left

rFire    . . .     SeeInvis .   a - +2 dagger
rCold    + . .     Faith    .   (no shield)
rNeg     . . .     Spirit   .   f - +0 ring mail
rPois    .         Reflect  .   (no helmet)
rElec    .         Harm     .   h - +0 cloak (curse)
rCorr    .         Rampage  .   (no gloves)
Will     .....                  (no boots)
Stlth    +.........             (no amulet)
HPRegen  0.17/turn              n - ring of protection from cold
MPRegen  0.11/turn              u - +4 ring of evasion

@: lethally poisoned (0 -> 0), constricted
A: distributed training, fangs 1, strong nose
a: Renounce Religion


You were on level 4 of the Dungeon.
You worshipped Makhleb.
Makhleb was noncommittal.
You visited 2 branches of the dungeon, and saw 5 of its levels.

You collected 214 gold pieces.

Inventory:

Hand Weapons
 a - a +2 dagger (weapon)
 w - a +0 hunting sling
 B - a +1 hand axe of venom
Missiles
 b - 2 curare-tipped darts (quivered)
 m - 25 sling bullets
 p - 89 stones
 q - 65 arrows
 r - 7 silver javelins
 C - 7 poisoned darts
 F - 16 bolts
Armour
 e - a +0 robe
 f - a +0 ring mail (worn)
 g - a +0 scale mail
 h - a cursed +0 cloak (worn)
 s - a cursed +0 kite shield
 t - a +0 chain mail
 H - a +0 helmet
Magical Staves
 i - an uncursed staff of fire {unknown}
Jewellery
 n - a ring of protection from cold (left hand)
 u - a +4 ring of evasion (right hand)
Wands
 d - a wand of iceblast (5)
Scrolls
 j - 5 scrolls of teleportation
 l - 2 scrolls of remove curse
 o - 4 scrolls of amnesia {unknown}
 v - a scroll of noise {unknown}
 x - a scroll of identify
 y - a scroll of random uselessness {unknown}
 A - a scroll of magic mapping {unknown}
 D - a scroll of enchant armour {unknown}
Potions
 c - 2 potions of might {unknown}
 k - a potion of heal wounds
 z - 2 potions of curing {unknown}
 E - 2 potions of invisibility {unknown}
 G - a potion of lignification


   Skills:
 + Level 6.7 Fighting
 + Level 1.7 Short Blades
 + Level 1.7 Long Blades
 + Level 3.1 Axes
 + Level 1.7 Maces & Flails
 + Level 3.1 Polearms
 + Level 1.7 Staves
 + Level 1.7 Slings
 + Level 1.7 Bows
 + Level 1.7 Crossbows
 + Level 4.9 Throwing
 + Level 3.1 Armour
 + Level 4.9 Dodging
 + Level 1.7 Stealth
 + Level 1.7 Shields
 + Level 1.7 Unarmed Combat
 + Level 1.7 Spellcasting
 + Level 1.3 Conjurations
 + Level 1.3 Hexes
 + Level 1.3 Summonings
 + Level 1.3 Necromancy
 + Level 1.3 Translocations
 + Level 1.3 Transmutations
 + Level 1.3 Fire Magic
 + Level 1.3 Ice Magic
 + Level 1.3 Air Magic
 + Level 1.3 Earth Magic
 + Level 1.3 Poison Magic
 + Level 2.0 Invocations
 + Level 1.7 Evocations


You had 8 spell levels left.
You didn't know any spells.
Your spell library was empty.

Dungeon Overview and Level Annotations

Branches:
Dungeon (4/15)             Temple (1/1) D:4

Altars:
Ashenzari
Cheibriados
Dithmenos
Elyvilon
Gozag
Hepliaklqana
Makhleb
Nemelex Xobeh
Okawaru
Qazlal
Ru
Sif Muna
Uskayaw
Vehumet
Xom
Yredelemnul
Zin

Annotations:
D:4 Eustachio


Innate Abilities, Weirdness & Mutations

Your experience applies equally to all skills.
You have very sharp teeth.
Your uncanny sense of smell can sniff out nearby items.


Message History

The ball python constricts you. Eustachio completely misses you.
The adder barely misses you. The river rat bites you.
* * * LOW HITPOINT WARNING * * *
You barely miss Eustachio.
Eustachio is severely wounded.
The ball python bites you but does no damage.
The ball python constricts you. The adder bites you.
* * * LOW HITPOINT WARNING * * *
Eustachio hits you with a +0 falchion.
* * * LOW HITPOINT WARNING * * *
The river rat closely misses you.
The ball python bites you but does no damage.
* * * LOW HITPOINT WARNING * * *
The ball python constricts you.
You hit Eustachio.
Eustachio is severely wounded.
You feel sick. The adder bites you.
* * * LOW HITPOINT WARNING * * *
Eustachio hits you with a +0 falchion.
You die...

.###..#...#..r#...#.#
!......#.....#..5.#.#
....#####†5.#####...#
###[...#.....#.(((#.#
#...#...#(..#(.#..#
#......###..(....##
##....#.#.#....#.#
##.....#.....# .#
#.....#@@### .#
##########.###.SrSb####.#
......##.>.# ##.b........
......#..### ##.........
........## #..........
......### #..........
......# #..........
......# #..........
.....<# #..........


You could see Eustachio, an adder, a river rat (summoned), 2 bats and a ball
python.

Vanquished Creatures
  A scorpion (D:4)
  A worker ant (D:4)
  5 adders
  3 gnolls (D:3)
  2 oozes
  A worm (D:2)
  2 dart slugs
  5 leopard geckos
  An orc (D:3)
  4 giant cockroaches
  9 goblins
  9 hobgoblins
  3 quokkas
  7 bats
  2 frilled lizards
  7 kobolds
  8 rats
70 creatures vanquished.

Vanquished Creatures (others)
  7 plants (D:1)
7 creatures vanquished.

Grand Total: 77 creatures vanquished

Notes
Turn   | Place    | Note
-------+----------+-------------------------------------------
     0 | D:1      | Almogavar the Gnoll Wanderer began the quest for the Orb.
     0 | D:1      | Almogavar set off with the following items: a +2 dagger, 2
                  | curare-tipped darts, a +0 spear, a potion of lignification,
                  | a +0 robe
     0 | D:1      | Reached XP level 1. HP: 23/23 MP: 1/1
   139 | D:1      | Reached XP level 2. HP: 24/29 MP: 2/2
   963 | D:2      | Reached XP level 3. HP: 33/35 MP: 3/3
  1255 | D:2      | Found a sparkling altar of Nemelex Xobeh.
  1293 | D:2      | Reached skill level 1 in Invocations
  1314 | D:2      | Reached skill level 1 in Short Blades
  1314 | D:2      | Reached skill level 1 in Long Blades
  1314 | D:2      | Reached skill level 1 in Maces & Flails
  1314 | D:2      | Reached skill level 1 in Staves
  1314 | D:2      | Reached skill level 1 in Slings
  1314 | D:2      | Reached skill level 1 in Bows
  1314 | D:2      | Reached skill level 1 in Crossbows
  1314 | D:2      | Reached skill level 1 in Stealth
  1314 | D:2      | Reached skill level 1 in Shields
  1314 | D:2      | Reached skill level 1 in Unarmed Combat
  1314 | D:2      | Reached skill level 1 in Spellcasting
  1314 | D:2      | Reached skill level 1 in Evocations
  1445 | D:2      | Reached XP level 4. HP: 29/41 MP: 5/5
  1957 | D:3      | Reached skill level 1 in Conjurations
  1957 | D:3      | Reached skill level 1 in Hexes
  1957 | D:3      | Reached skill level 1 in Summonings
  1957 | D:3      | Reached skill level 1 in Necromancy
  1957 | D:3      | Reached skill level 1 in Translocations
  1957 | D:3      | Reached skill level 1 in Transmutations
  1957 | D:3      | Reached skill level 1 in Fire Magic
  1957 | D:3      | Reached skill level 1 in Ice Magic
  1957 | D:3      | Reached skill level 1 in Air Magic
  1957 | D:3      | Reached skill level 1 in Earth Magic
  1957 | D:3      | Reached skill level 1 in Poison Magic
  2384 | D:3      | Reached XP level 5. HP: 47/47 MP: 6/6
  3178 | D:4      | Found a staircase to the Ecumenical Temple.
  3210 | D:4      | Reached XP level 6. HP: 36/53 MP: 8/8
  3365 | Temple   | Entered the Ecumenical Temple
  3371 | Temple   | Became a worshipper of Makhleb the Destroyer
  3473 | D:4      | Noticed Eustachio
  3533 | D:4      | Slain by Eustachio

Illustrated notes

Levels and vault maps discovered:
D:1:      lightli_molten_gateway, layout_loops_ring, serial_bayou_lagoon_a,
          minmay_liquid_box
D:2:      layout_rooms, nicolae_overflow_hidden_temple
D:3:      layout_basic
D:4:      minmay_general_purpose_star, layout_rooms, minmay_temple_entry_arrows,
          uniq_eustachio, uniq_blork_the_orc
Temple:   dpeg_three_leaves_temple

Skill      XL: |  1  2  3  4  5  6 |
---------------+-------------------+-----
Invocations    | 1 2 |  2.0
Short Blades   | 1 |  1.7
Long Blades    | 1 |  1.7
Maces & Flails | 1 |  1.7
Staves         | 1 |  1.7
Slings         | 1 |  1.7
Bows           | 1 |  1.7
Crossbows      | 1 |  1.7
Stealth        | 1 |  1.7
Shields        | 1 |  1.7
Unarmed Combat | 1 |  1.7
Spellcasting   | 1 |  1.7
Evocations     | 1 |  1.7
Conjurations   | 1 |  1.3
Hexes          | 1 |  1.3
Summonings     | 1 |  1.3
Necromancy     | 1 |  1.3
Translocations | 1 |  1.3
Transmutations | 1 |  1.3
Fire Magic     | 1 |  1.3
Ice Magic      | 1 |  1.3
Air Magic      | 1 |  1.3
Earth Magic    | 1 |  1.3
Poison Magic   | 1 |  1.3
Axes           | 3 |  3.1
Polearms       | 3 |  3.1
Armour         | 3 |  3.1
Fighting       | |  6.7
Throwing       | |  4.9
Dodging        | |  4.9

Action                   |  1- 3 |  4- 6 || total
-------------------------+-------+-------++-------
Melee: Dagger            |   178 |   110 ||   288
       Bite              |    13 |     8 ||    21
 Fire: Hunting sling     |       |   101 ||   101
  Use: Scroll            |     3 |     1 ||     4
       Potion            |       |     2 ||     2
Armor: Robe              |     5 |       ||     5
       Ring mail         |    56 |    52 ||   108
Dodge: Dodged            |   145 |   232 ||   377
